 Dungeon Crawl Stone Soup version 0.32-a0-928-g1cae6b7ea0 (webtiles) character file.

Game seed: 9934740692918335784

1602 ezpacito the Chopper (level 8, -2/62 HPs)
             Began as a Coglin Chaos Knight on Apr 13, 2024.
             Was a Plaything of Xom.
             Slain by a gnoll
             ... wielding a +0 spear
             ... led by a gnoll bouda
              (5 damage)
             ... on level 5 of the Dungeon.
             The game lasted 00:05:22 (4451 turns).

ezpacito the Chopper (Coglin Chaos Knight)          Turns: 4451, Time: 00:05:23

Health: -2/62      AC:  9    Str: 12 (14) XL:     8   Next: 94%
Magic:  11/11      EV: 11    Int: 11 (12) God:    Xom [.....*]
Gold:   216        SH:  0    Dex: 13 (14) Spells: 11/11 levels left

rFire   . . .        a - +0 hand axe (chaos) {Kyoko}
rCold   . . .        e - +2 short sword (elec) {Gabriela}
rNeg    . . .        b - +2 leather armour
rPois   .            p - +0 helmet
rElec   .            s - +0 cloak
rCorr   .            i - +0 pair of gloves
SInv    .            (no boots)
Will    .....        (amulet unavailable)
Stlth   ++           (ring unavailable)
HPRegen 0.30/turn    (ring unavailable)
MPRegen 0.12/turn    (no gizmo)

%: no passive effects
@: weak-willed, revving
A: off-hand wielding, slow wielding, warmup strikes, no jewellery
a: Invent Gizmo, Renounce Religion


You were on level 5 of the Dungeon.
You worshipped Xom.
You were Xom's teddy bear.
You visited 1 branch of the dungeon, and saw 5 of its levels.

You collected 216 gold pieces.

Inventory:

Hand Weapons
 a - a +0 hand axe of chaos (weapon) {Kyoko}
 d - a +0 sling
 e - a +2 short sword of electrocution (offhand) {Gabriela}
Missiles
 w - 3 poisoned darts (quivered)
 x - 3 darts of dispersal
Armour
 b - a +2 leather armour (worn)
 i - a +0 pair of gloves (worn)
 p - a +0 helmet (worn)
 s - a +0 cloak (worn)
Wands
 l - a wand of polymorph (9)
 n - a wand of mindburst (8)
 v - a wand of light (9)
 y - a wand of paralysis (7)
Scrolls
 c - a scroll of noise {unknown}
 j - 2 scrolls of enchant weapon
 k - a scroll of summoning {unknown}
 q - a scroll of teleportation {unknown}
 u - a scroll of vulnerability
Potions
 f - 3 potions of cancellation
 g - a potion of mutation
 m - a potion of magic
 r - a potion of lignification
 t - 4 potions of enlightenment


   Skills:
 * Level 5.3 Fighting
 * Level 5.3(6.0) Axes
 * Level 3.6(4.8) Polearms
 * Level 4.3 Armour
 * Level 3.7 Dodging
 + Level 2.5 Stealth
 + Level 2.2 Spellcasting
 + Level 2.6 Evocations


You had 11 spell levels left.
You didn't know any spells.
Your spell library contained the following spells:

 Spells                   Type           Power      Damage    Failure   Level
 Mercury Vapours          Alch/Air       2%         N/A       50%         2
 Mephitic Cloud           Conj/Alch/Air  1%         N/A       73%         3
 Freezing Cloud           Conj/Ice/Air   0%         6-21      100%        5
 Iskenderun's Battlesphe  Conj           1%         2d6       100%        5
 Bombard                  Conj/Erth      0%         9d1       100%        6
 Spellforged Servitor     Conj/Summ      0%         N/A       100%        7


Dungeon Overview and Level Annotations

Branches:
Dungeon (5/15)             Temple (0/1) D:4

Altars:
Cheibriados
Elyvilon
Gozag
Kikubaaqudgha
Zin

Shops:
D:1 =   D:3 [

Annotations:
D:4 1 runed translucent door
D:5 2 transporters, Eugor's ghost, novice DECj


Innate Abilities, Weirdness & Mutations

You can wield a second weapon in your off-hand.
It takes a long time for you to wield or remove held weapons.
Your first few attacks do less damage.
You cannot equip rings or amulets.


Message History

You are too injured to fight recklessly!
You are too injured to fight recklessly!
You are too injured to fight recklessly!
You are too injured to fight recklessly!
You are too injured to fight recklessly!
You are too injured to fight recklessly!
You are too injured to fight recklessly!
You are too injured to fight recklessly!
Okay, then.
Okay, then.
As you read the scroll labelled LEUSUK QUPIFI {god gift}, it crumbles to dust.
A wave of despondency washes over your surroundings.
It was a scroll of vulnerability.
The gnoll barely misses you. The gnoll closely misses you.
The gnoll barely misses you.
The gnoll bouda hits you with a +0 whip.
* * * LOW HITPOINT WARNING * * *
You take 5 damage, and have 14/62 hp.
The air fills with toxic fumes!
As you read the scroll of poison, it crumbles to dust.
The gnoll closely misses you. x2; The gnoll hits you but does no damage.
The gnoll bouda hits you with a +0 whip.
* * * LOW HITPOINT WARNING * * *
The gnoll hits you but does no damage.
You take 2 damage, and have 12/62 hp.
As you read the scroll labelled AWUHEE TUTWIMU, it crumbles to dust.
You feel aware of your surroundings.
It was a scroll of revelation.
The gnoll misses you. The gnoll hits you but does no damage.
The gnoll barely misses you. The gnoll bouda barely misses you.
As you read the scroll labelled ROVVIRGHUZOL, it crumbles to dust.
It is a scroll of amnesia.
You feel forgetful for a moment. The gnoll hits you but does no damage.
The gnoll hits you from afar with a +1 halberd of freezing.
* * * LOW HITPOINT WARNING * * *
The gnoll freezes you.
* * * LOW HITPOINT WARNING * * *
The gnoll hits you from afar with a +0 halberd!
* * * LOW HITPOINT WARNING * * *
The gnoll bouda closely misses you. The gnoll hits you with a +0 spear.
You die...
Xom howls with laughter!

###############*
############...*********
############...,,,,,,,,,
*#####§§§§###...,,*******
**[..##§§§§§§#...,***,,,*,
*,...#§§§§§§#)...** *,*,,,
**....##§gg§#§#.#* *,,***
*##########§@§g§§#..** **,*,*
*..^ߧ§§§§§§#§§##§§§,***,,**+
*,#####§§§§§.§g#..#.,,**,*,,,
#.##.§§§§§#§.§§§§##.,,,*,,,*,
#....§§§§§#§.§§§§§..,,,,,,,,,
#######§§.#§.§§§§§§§,,,,,,,,,
#§§..§§.§§§§§§§,,,,,*,,,
#§§..##.§§§§§§§,,,,,,**+
##.###*#.....,,,,,,,,*,*


You could see a gnoll bouda (weak-willed) and 3 gnolls.

Vanquished Creatures
  Grinder (D:4)
  The ghost of EvilEddieB the Conjurer, an amateur HuCj of Lugonu (D:4)
  Sigmund (D:2)
  An ice beast (D:5)
  2 ogres (D:4)
  A phantom (D:4)
  A scorpion (D:4)
  A howler monkey (D:4)
  A bombardier beetle (D:4)
  3 hounds
  A jelly (D:5)
  Crazy Yiuf (D:4)
  A sleepcap (D:4)
  Natasha (D:2)
  Jessica (D:2)
  Ijyb (D:4)
  Terence (D:2)
  An orc wizard (D:3)
  Robin (D:3)
  9 adders
  2 dart slugs (D:1)
  2 ribbon worms
  5 orcs
  9 endoplasms
  2 giant cockroaches
  14 goblins
  15 hobgoblins
  5 jackals
  7 quokkas
  8 ball pythons
  5 bats
  3 frilled lizards
  7 kobolds
  6 rats
121 creatures vanquished.

Vanquished Creatures (collateral kills)
  A bombardier beetle (D:4)
  A sleepcap (D:5)
  2 hobgoblins (D:4)
4 creatures vanquished.

Vanquished Creatures (others)
  A goblin zombie (D:2)
1 creature vanquished.

Grand Total: 126 creatures vanquished

Notes
Turn   | Place    | Note
-------+----------+-------------------------------------------
     0 | D:1      | ezpacito the Coglin Chaos Knight began the quest for the
                  | Orb.
     0 | D:1      | Reached XP level 1. HP: 18/18 MP: 1/1
    32 | D:1      | Reached skill level 1 in Dodging
    77 | D:1      | Reached XP level 2. HP: 23/24 MP: 2/2
   258 | D:1      | Found Rimappak's One-of-a-Kind Rings.
   508 | D:1      | Reached XP level 3. HP: 29/29 MP: 3/3
   526 | D:1      | XOM: god gift: glowing onyx ring {god gift}
   598 | D:1      | XOM: divination: magic mapping
   640 | D:2      | XOM: smoke on damage
   696 | D:2      | Found a faded altar of an unknown god.
   698 | D:2      | Noticed Sigmund
   707 | D:2      | Killed Sigmund
   708 | D:2      | Reached skill level 1 in Polearms
   708 | D:2      | Reached skill level 1 in Stealth
   708 | D:2      | Reached skill level 1 in Spellcasting
   708 | D:2      | Reached XP level 4. HP: 32/37 MP: 3/5
   708 | D:2      | Reached XP level 5. HP: 36/42 MP: 3/6
   816 | D:2      | Found an ancient bone altar of Kikubaaqudgha.
   891 | D:2      | Reached XP level 6. HP: 45/48 MP: 7/7
   924 | D:2      | Noticed Natasha
   934 | D:2      | XOM: confuse monster(s)
   964 | D:2      | Killed Natasha
  1130 | D:2      | XOM: 1-stop teleportation journey
  1191 | D:2      | Noticed Jessica
  1198 | D:2      | Killed Jessica
  1275 | D:2      | Noticed Terence
  1281 | D:2      | Killed Terence
  1446 | D:2      | XOM: god gift: 5 stones
  1546 | D:3      | Noticed Robin
  1562 | D:2      | XOM: noise
  1612 | D:3      | Killed Robin
  1730 | D:3      | XOM: cloud trail
  1840 | D:3      | XOM: divination: detect items
  1996 | D:3      | Found Xajov's Armour Shop.
  2083 | D:3      | Found a glowing silver altar of Zin.
  2126 | D:3      | Found an opulent altar of Gozag.
  2292 | D:3      | XOM: 3-stop teleportation journey
  2398 | D:3      | XOM: divination: detect items
  2509 | D:4      | Noticed Grinder
  2529 | D:4      | Paralysed by Grinder for 3 turns
  2532 | D:4      | Killed Grinder
  2533 | D:4      | Reached skill level 1 in Evocations
  2533 | D:4      | Reached XP level 7. HP: 18/55 MP: 7/9
  2607 | D:4      | XOM: cloud trail
  2801 | D:4      | XOM: silly message
  2843 | D:4      | XOM: god gift: scroll labelled LEUSUK QUPIFI {god gift}
  2880 | D:4      | Found a snail-covered altar of Cheibriados.
  2917 | D:4      | Noticed Ijyb
  2918 | D:4      | XOM: summons 5 friendly demons
  2934 | D:4      | Killed Ijyb
  3010 | D:4      | Noticed EvilEddieB's ghost (amateur HuCj)
  3017 | D:4      | Found a runed translucent gate.
  3017 | D:4      | Found a runed translucent gate.
  3018 | D:4      | Found a runed translucent gate.
  3038 | D:4      | XOM: divination: detect creatures
  3044 | D:4      | Reached XP level 8. HP: 59/61 MP: 10/10
  3262 | D:4      | Paralysed by a kobold for 5 turns
  3392 | D:4      | Found a staircase to the Ecumenical Temple.
  3521 | D:4      | Found a runed translucent door.
  3522 | D:4      | Noticed Crazy Yiuf
  3597 | D:4      | XOM: scenery: 1 doors close
  3704 | D:4      | Killed EvilEddieB's ghost
  3705 | D:4      | Reached skill level 5 in Fighting
  3705 | D:4      | Reached skill level 5 in Axes
  3879 | D:4      | XOM: god gift: potion of degeneration
  3886 | D:4      | XOM: scenery: 1 doors open
  3889 | D:4      | Killed Crazy Yiuf
  3972 | D:5      | Entered Level 5 of the Dungeon
  4115 | D:5      | XOM: cloud trail
  4189 | D:5      | XOM: cast spell 'Summon Ice Beast'
  4240 | D:5      | Found a white marble altar of Elyvilon.
  4278 | D:5      | Found a transporter.
  4279 | D:5      | Noticed Eugor's ghost (novice DECj)
  4293 | D:5      | Found a transporter.
  4316 | D:5      | XOM: cleaving
  4451 | D:5      | HP: 3/62 [gnoll/+0 halberd[a gnoll bouda] (7)]
  4451 | D:5      | Slain by a gnoll

Illustrated notes

Levels and vault maps discovered:
D:1:      lightli_arrival_isolated_outpost, layout_rooms,
          nicolae_shop_unique_rings, minmay_liquid_box
D:2:      layout_loops_ring, basic_altar, dreamdust_ecumenical_altar_grove,
          uniq_sigmund, uniq_natasha, uniq_terence, uniq_jessica
D:3:      layout_loops_ring, mainiacjoe_overflow_catwalk,
          mainiacjoe_overflow_surrounded_room, serial_shops, shop, uniq_robin
D:4:      layout_basic, slow_altar_2, minmay_temple_entry_junction,
          gammafunk_ghost_split, nicolae_goblin_pals, uniq_grinder,
          uniq_crazy_yiuf_cottage
D:5:      layout_cave_pools, nicolae_elyvilon_peaceful_grove,
          gammafunk_ghost_stat_death, minmay_statues_item,
          ebering_dispersal_statue_hall, minmay_fractal_squares_diagonal_5

Skill      XL: |  1  2  3  4  5  6  7  8 |
---------------+-------------------------+-----
Dodging        | 1 2 3 |  3.7
Armour         | 2 3 4 |  4.3
Polearms       | 1 2 3 |  3.6
Stealth        | 1 2 |  2.5
Spellcasting   | 1 2 |  2.2
Axes           | 4 5 |  5.3
Fighting       | 4 5 |  5.3
Evocations     | 1 2 |  2.6

Action                     |  1- 3 |  4- 6 |  7- 9 || total
---------------------------+-------+-------+-------++-------
  Melee: Dagger            |    39 |       |       ||    39
         Hand axe          |    58 |    97 |    87 ||   242
         Short sword       |    16 |   113 |    85 ||   214
  Evoke: Wand              |       |     1 |       ||     1
    Use: Scroll            |       |     5 |     5 ||    10
         Potion            |       |     2 |     5 ||     7
   Stab: Paralysed         |     1 |       |       ||     1
         Confused          |       |     3 |       ||     3
         Sleeping          |       |     4 |     1 ||     5
         Distracted        |       |       |     1 ||     1
 Armour: Leather armour    |    39 |    96 |    64 ||   199
         Skin              |       |    17 |       ||    17
  Dodge: Dodged            |    35 |    70 |    66 ||   171

Table legend: (Time is in decaauts)
 A = Elapsed time spent in this place.
 B = Non-inter-level travel time spent in this place.
 C = Inter-level travel time spent in this place.
 D = Time resting spent in this place.
 E = Time spent auto-exploring this place.
 F = Levels seen in this place.
 G = Mean time per level.
                   A        B        C        D        E       F      G
               +--------+--------+--------+--------+--------+-----+--------+
         Total |   4458 |   4304 |    154 |    249 |   3318 |   5 |  891.6 |
       Dungeon |   4458 |   4304 |    154 |    249 |   3318 |   5 |  891.6 |
               +--------+--------+--------+--------+--------+-----+--------+

Top non-repeatable levels by time:
     D:4: 1472 daAuts
     D:2: 975 daAuts
     D:3: 915 daAuts
     D:1: 636 daAuts
     D:5: 459 daAuts
